 Dungeon Crawl Stone Soup version 0.29.1-1-gd02db6906a (webtiles) character file.

Game seed: 7754121995837998459

11617 quakins the Fighter (level 11, -9/123 HPs)
             Began as a Troll Transmuter on Oct 21, 2022.
             Was a Priest of the Shining One.
             Mangled by an 11-headed hydra (11 damage)
             ... on level 11 of the Dungeon.
             The game lasted 00:21:24 (8898 turns).

quakins the Fighter (Troll Transmuter)              Turns: 8898, Time: 00:21:24

Health: -9/123     AC:  9    Str: 24    XL:     11   Next: 51%
Magic:  11/11      EV: 13    Int:  9    God:    the Shining One [***...]
Gold:   620        SH:  0    Dex: 10    Spells: 4/12 levels left

rFire   . . .      SeeInvis .     - Unarmed
rCold   . . .      Faith    .   (no shield)
rNeg    + . .      Spirit   .   L - +0 acid dragon scales
rPois   .          Reflect  .   (helmet restricted)
rElec   .          Harm     .   E - +0 cloak
rCorr   +          Rampage  .   (gloves unavailable)
Will    .....                   (boots unavailable)
Stlth   +.........              (no amulet)
HPRegen 1.10/turn               f - +4 ring of evasion
MPRegen 0.12/turn               o - ring of wizardry

@: glowing
A: large, unfitting armour, claws 3, regeneration 1, shaggy fur 1, tough skin 1
a: Renounce Religion, Divine Shield, Cleansing Flame


You were on level 11 of the Dungeon.
You worshipped the Shining One.
The Shining One was most pleased with you.
You visited 1 branch of the dungeon, and saw 11 of its levels.

You collected 620 gold pieces.

Inventory:

Missiles
 n - 120 stones (quivered)
 y - 37 poisoned darts
Armour
 E - a +0 cloak (worn)
 L - +0 acid dragon scales (worn)
Jewellery
 f - a +4 ring of evasion (left claw)
 o - a ring of wizardry (right claw)
 p - a ring of ice
 s - a +6 ring of intelligence
 A - a ring of wizardry
 K - a ring of positive energy
Wands
 a - a wand of polymorph (4)
 m - a wand of mindburst (10)
 q - a wand of iceblast (8)
 C - a wand of flame (31)
Scrolls
 g - 2 scrolls of enchant weapon
 h - 3 scrolls of magic mapping
 l - 5 scrolls of teleportation
 t - a scroll of butterflies {unknown}
 u - 3 scrolls of brand weapon
 v - 2 scrolls of fear
 x - a scroll of amnesia {unknown}
 z - 2 scrolls of enchant armour
 G - a scroll of blinking {unknown}
 J - 2 scrolls of immolation
 M - 2 scrolls of silence
 N - a scroll of summoning {unknown}
Potions
 c - 4 potions of attraction
 e - a potion of invisibility {unknown}
 i - 2 potions of mutation {unknown}
 j - 2 potions of might {unknown}
 k - 4 potions of flight
 r - 3 potions of haste
 w - a potion of degeneration {unknown}
 B - 4 potions of heal wounds {unknown}
 D - 3 potions of ambrosia
 F - 6 potions of curing {unknown}
 H - a potion of brilliance {unknown}


   Skills:
 - Level 12.0 Fighting
 - Level 1.5 Dodging
 - Level 10.0 Unarmed Combat
 - Level 1.2 Spellcasting
 + Level 5.6 Transmutations


You had 4 spell levels left.
You knew the following spells:

 Your Spells              Type           Power      Damage    Failure   Level
a - Beastly Appendage     Tmut           20%        N/A       1%          1
b - Wereblood             Tmut           10%        N/A       2%          2
c - Passwall              Tmut/Erth      4%         N/A       9%          2
d - Spider Form           Tmut/Pois      5%         N/A       17%         3

Your spell library contained the following spells:

 Spells                   Type           Power      Damage    Failure   Level
 Apportation              Tloc           0%         N/A       19%         1
 Necrotise                Necr           0%         1d4       19%         1
 Sandblast                Erth           0%         2d4       19%         1
 Summon Small Mammal      Summ           0%         N/A       19%         1
 Sublimation of Blood     Necr           0%         N/A       26%         2
 Ignite Poison            Fire/Tmut/Pois 3%         N/A       26%         3
 Mephitic Cloud           Conj/Pois/Air  0%         N/A       45%         3
 Stone Arrow              Conj/Erth      0%         3d7       45%         3
 Ice Form                 Ice/Tmut       5%         N/A       47%         4
 Petrify                  Tmut/Erth      5%         N/A       47%         4
 Irradiate                Conj/Tmut      2%         3d12      82%         5
 Fireball                 Conj/Fire      0%         3d3       99%         5
 Freezing Cloud           Conj/Ice/Air   0%         6-21      99%         5
 Metabolic Englaciation   Hex/Ice        0%         N/A       99%         5
 Starburst                Conj/Fire      0%         6d3       100%        6
 Statue Form              Tmut/Erth      3%         N/A       100%        6
 Summon Hydra             Summ           0%         N/A       100%        7
 Ignition                 Fire           0%         3d3       100%        8


Dungeon Overview and Level Annotations

Branches:
Dungeon (11/15)            Temple (0/1) D:6            Lair (0/5) D:9
    Orc (0/2) D:9

Altars:
Dithmenos
Elyvilon
Fedhas
Kikubaaqudgha
Okawaru
Ru
Uskayaw
Wu Jian
Xom
Zin
The Shining One

Shops:
D:3 *   D:4 =   D:7 :

Annotations:
D:10 exclusion: ice statue


Innate Abilities, Weirdness & Mutations

You are too large for most types of armour.
You have claws for hands.
Your natural rate of healing is unusually fast.
You are covered in fur. (AC +1)
You have tough skin. (AC +1)


Message History

The eight-headed hydra is severely wounded.
The eight-headed hydra misses you. The eight-headed hydra bites you!
The eight-headed hydra barely misses you.
The eight-headed hydra bites you! The eight-headed hydra bites you.
The eight-headed hydra bites you! x2; The eight-headed hydra misses you.
You scratch the eight-headed hydra.
The eight-headed hydra is severely wounded.
The eight-headed hydra closely misses you.
The eight-headed hydra bites you.
The eight-headed hydra bites you but does no damage.
The eight-headed hydra bites you! x2; The eight-headed hydra misses you.
The eight-headed hydra barely misses you.
The eight-headed hydra closely misses you.
You tear one of the eight-headed hydra's heads off!
The seven-headed hydra grows two more!
You claw the nine-headed hydra!
The nine-headed hydra is severely wounded.
You rip one of the nine-headed hydra's heads off!
The eight-headed hydra grows two more!
You mangle the ten-headed hydra!!
The ten-headed hydra is almost dead.
The ten-headed hydra bites you.
The ten-headed hydra bites you but does no damage.
The ten-headed hydra bites you. The ten-headed hydra misses you.
The ten-headed hydra closely misses you.
The ten-headed hydra barely misses you. The ten-headed hydra bites you.
The ten-headed hydra bites you but does no damage.
The ten-headed hydra completely misses you.
The ten-headed hydra barely misses you.
You rip one of the ten-headed hydra's heads off!
The nine-headed hydra grows two more!
You claw the 11-headed hydra!
The 11-headed hydra is almost dead.
The 11-headed hydra bites you!
* * * LOW HITPOINT WARNING * * *
The 11-headed hydra barely misses you. The 11-headed hydra bites you!
* * * LOW HITPOINT WARNING * * *
The 11-headed hydra bites you!
* * * LOW HITPOINT WARNING * * *
The 11-headed hydra bites you!
* * * LOW HITPOINT WARNING * * *
The 11-headed hydra bites you!
You die...

###############
..............#
......).......#
......)@......#
......)D......#
...........<..#
##.##....##...#
# #....##...#
...........#
.......^....#
............+
#### ######


You could see a 11-headed hydra.

Vanquished Creatures
  2 two-headed ogres (D:10)
  A komodo dragon (D:9)
  Maggie (D:8)
  Psyche (D:7)
  A hornet (D:8)
  Prince Ribbit (D:8)
  A shadow (D:10)
  6 wyverns
  Eustachio (D:6)
  A wraith (D:9)
  Grum (D:9)
  12 yaks
  A basilisk (D:9)
  A steam dragon (D:9)
  3 vampire mosquitoes (D:9)
  An acid dragon (D:9)
  A water moccasin (D:7)
  9 ice beasts (D:10)
  A sky beast (D:8)
  5 centaurs
  4 wolves (D:9)
  A phantom (D:4)
  3 kobold brigands
  4 bullfrogs
  2 necrophages
  3 scorpions
  A gnoll sergeant (D:7)
  13 wights
  11 killer bees
  7 electric eels
  A vampire bat (D:3)
  5 hounds
  2 jellies
  Crazy Yiuf (D:4)
  2 orc priests
  3 gnoll boudas
  Natasha (thrice) (D:4)
  5 iguanas
  8 orc wizards
  Robin (D:4)
  15 gnolls
  10 adders
  An ufetubus (D:7)
  A worm (D:3)
  A dart slug (D:3)
  3 fire bats (D:3)
  33 orcs
  2 spectral bats (D:3)
  4 ball pythons
  14 bats
  3 bat skeletons (D:3)
  A bat zombie (D:3)
  6 endoplasms
  3 giant cockroaches
  18 goblins
  4 hobgoblins
  3 jackals (D:2)
  21 kobolds
  6 quokkas
  A bat simulacrum (D:3)
  5 frilled lizards
  2 rats (D:1)
288 creatures vanquished.

Vanquished Creatures (others)
  An orc (D:9)
  3 kobolds (D:9)
4 creatures vanquished.

Grand Total: 292 creatures vanquished

Notes
Turn   | Place    | Note
-------+----------+-------------------------------------------
     0 | D:1      | quakins the Troll Transmuter began the quest for the Orb.
     0 | D:1      | Reached XP level 1. HP: 18/18 MP: 1/1
   196 | D:1      | Reached XP level 2. HP: 26/26 MP: 2/2
   646 | D:2      | Reached XP level 3. HP: 32/32 MP: 3/3
  1188 | D:3      | Reached skill level 5 in Unarmed Combat
  1188 | D:3      | Reached XP level 4. HP: 35/40 MP: 4/4
  1279 | D:3      | Reached XP level 5. HP: 38/46 MP: 5/5
  1306 | D:3      | Found a faded altar of an unknown god.
  1412 | D:3      | Found Nayrphut's Assorted Antiques.
  1719 | D:3      | Reached XP level 6. HP: 48/54 MP: 6/6
  1852 | D:4      | Found Xywn's Jewellery Emporium.
  2123 | D:4      | Noticed Robin
  2163 | D:4      | Killed Robin
  2312 | D:4      | Found a runed translucent door.
  2313 | D:4      | Noticed Crazy Yiuf
  2366 | D:4      | Noticed Natasha
  2378 | D:4      | Reached XP level 7. HP: 61/61 MP: 7/7
  2378 | D:4      | Killed Natasha
  2404 | D:4      | Noticed Natasha
  2411 | D:4      | Killed Natasha
  2426 | D:4      | Noticed Natasha
  2432 | D:4      | Killed Natasha
  2590 | D:4      | Killed Crazy Yiuf
  2641 | D:5      | Entered Level 5 of the Dungeon
  2810 | D:5      | Found a glowing silver altar of Zin.
  2815 | D:5      | Found a white marble altar of Elyvilon.
  2816 | D:5      | Found a glowing golden altar of the Shining One.
  2871 | D:5      | Identified the +8 short sword of the Forsaken Wonders
                  | {antimagic, rElec rPois SInv}
  2935 | D:5      | Reached XP level 8. HP: 51/68 MP: 8/8
  3020 | D:5      | Reached skill level 10 in Unarmed Combat
  3029 | D:5      | Reached skill level 1 in Fighting
  3138 | D:5      | Reached skill level 2 in Fighting
  3375 | D:5      | Became a worshipper of the Shining One
  3379 | D:5      | Learned a level 2 spell: Wereblood
  3599 | D:6      | Reached skill level 3 in Fighting
  3655 | D:6      | Noticed Eustachio
  3793 | D:6      | Killed Eustachio
  3794 | D:6      | Reached skill level 4 in Fighting
  3841 | D:6      | Found a sacrificial altar of Ru.
  4277 | D:6      | Found a staircase to the Ecumenical Temple.
  4320 | D:6      | Reached skill level 5 in Fighting
  4781 | D:7      | Reached skill level 6 in Fighting
  4781 | D:7      | Reached XP level 9. HP: 77/89 MP: 9/9
  5250 | D:7      | Reached * piety under the Shining One
  5255 | D:7      | Found Ymohiat's Vocational Training.
  5292 | D:7      | Reached skill level 7 in Fighting
  5355 | D:7      | Found a hide-covered altar of Uskayaw.
  5358 | D:7      | Found a shadowy altar of Dithmenos.
  5358 | D:7      | Found an ornate altar of the Wu Jian Council.
  5400 | D:7      | Found an iron altar of Okawaru.
  5678 | D:8      | Noticed Psyche
  5683 | D:7      | Killed Psyche
  5684 | D:7      | Reached skill level 8 in Fighting
  5849 | D:8      | Reached skill level 9 in Fighting
  5854 | D:8      | Reached ** piety under the Shining One
  5867 | D:8      | Reached XP level 10. HP: 72/107 MP: 10/10
  6030 | D:8      | Found a shimmering altar of Xom.
  6044 | D:8      | Paralysed by a hornet for 2 turns
  6158 | D:8      | Noticed Prince Ribbit
  6162 | D:8      | Noticed Maggie
  6182 | D:8      | Killed Maggie
  6201 | D:8      | Killed Prince Ribbit
  6250 | D:8      | Found an ancient bone altar of Kikubaaqudgha.
  6479 | D:9      | Reached skill level 10 in Fighting
  6794 | D:9      | Reached skill level 11 in Fighting
  6797 | D:9      | Noticed Grum
  6809 | D:9      | Killed Grum
  7076 | D:9      | Found a staircase to the Orcish Mines.
  7362 | D:9      | Reached XP level 11. HP: 123/123 MP: 11/11
  7366 | D:9      | Reached skill level 12 in Fighting
  7377 | D:9      | Found a staircase to the Lair.
  7645 | D:9      | Found a blossoming altar of Fedhas.
  7779 | D:10     | Entered Level 10 of the Dungeon
  7900 | D:10     | Reached *** piety under the Shining One
  7905 | D:10     | Noticed a two-headed ogre
  7914 | D:10     | Killed a two-headed ogre
  7920 | D:10     | Learned a level 2 spell: Passwall
  7924 | D:10     | Learned a level 3 spell: Spider Form
  8132 | D:10     | Noticed a two-headed ogre
  8143 | D:10     | Killed a two-headed ogre
  8378 | D:10     | Reached skill level 5 in Transmutations
  8441 | D:10     | Identified the +0 helmet of Xiuhoh {+Inv rElec Str-2 Dex-3}
  8884 | D:11     | Noticed a six-headed hydra
  8898 | D:11     | HP: 2/123 [11-headed hydra (10)]
  8898 | D:11     | Mangled by an 11-headed hydra

Illustrated notes

Levels and vault maps discovered:
D:1:      minmay_arrival_open_corners, layout_loops_ring
D:2:      layout_rooms
D:3:      layout_rooms, serial_shops, nicolae_shop_advertising_works
          [nicolae_subvault_shop_adworks], basic_ecumenical_altar,
          goddamned_bats
D:4:      layout_basic, nicolae_stop_n_shop_2, st_stairs_2, minmay_surrounded,
          uniq_robin, uniq_crazy_yiuf_cottage, uniq_natasha
D:5:      layout_loops_ring, good_gods_temple_1
D:6:      layout_layer_cave, mainiacjoe_overflow_tiny_flanked,
          minmay_temple_entry_proselytizer, minivault_11, uniq_eustachio
D:7:      minmay_evil_eye, layout_basic, grunt_temple_overflow_open,
          serial_bayou_pond_d, roderic_roman_lattice, fountainhead,
          nicolae_shop_vocational
D:8:      layout_rooms, mainiacjoe_overflow_chevrons,
          mainiacjoe_overflow_surrounded_room, uniq_psyche, uniq_prince_ribbit1,
          uniq_maggie
D:9:      layout_basic, mainiacjoe_overflow_24_doors, erik_lair_dragon,
          uniq_grum
D:10:     minmay_twisted_water, layout_loops_cross, patterned_corridor
D:11:     layout_stronghold, uniq_urug, uniq_snorg

Skill      XL: |  1  2  3  4  5  6  7  8  9 10 11 |
---------------+----------------------------------+-----
Unarmed Combat | 4 5 6 8 9 10 | 10.0
Fighting       | 6 9 11 12 | 12.0
Transmutations | 5 |  5.6
Dodging        | |  1.5
Spellcasting   | |  1.2

Action                   |  1- 3 |  4- 6 |  7- 9 | 10-12 || total
-------------------------+-------+-------+-------+-------++-------
Melee: Unarmed           |    70 |   171 |   272 |   265 ||   778
       Punch             |     1 |     7 |     8 |    12 ||    28
Throw: Stone             |       |     5 |       |       ||     5
Evoke: Wand              |       |       |     1 |    11 ||    12
  Use: Scroll            |     3 |       |     2 |     7 ||    12
       Potion            |       |       |       |     5 ||     5
 Stab: Sleeping          |     2 |       |       |       ||     2
Armor: Robe              |    20 |    43 |    58 |     8 ||   129
       Acid dragon scale |       |       |       |    63 ||    63
       Skin              |       |       |       |     1 ||     1
Dodge: Dodged            |    30 |   124 |   189 |   143 ||   486
